 Dungeon Crawl Stone Soup version 0.22-a0-322-g60b3cfd (webtiles) character file.

41 DiscipleGeek the Sneak (level 3, -2/35 HPs)
             Began as a Troll Assassin on Apr 3, 2018.
             Slain by a scorpion (5 damage)
             ... on level 1 of the Dungeon.
             The game lasted 00:05:15 (787 turns).

DiscipleGeek the Sneak (Troll Assassin)              Turns: 787, Time: 00:05:16

Health: -2/35      AC: 10    Str: 19    XL:     3   Next: 32%
Magic:  2/2        EV:  9    Int:  7    God:
Gold:   91         SH:  0    Dex: 12    Spells: 2/2 levels left

rFire    . . .     SeeInvis .   a - +2 dagger
rCold    . . .     Gourm    +   (no shield)
rNeg     . . .     Faith    .   c - +2 robe
rPois    .         Spirit   .   (helmet restricted)
rElec    .         Reflect  .   d - +2 cloak
rCorr    .         Harm     .   (gloves unavailable)
MR       .....                  (boots unavailable)
Stlth    ++........             (no amulet)
HPRegen  0.51/turn              (no ring)
MPRegen  0.08/turn              (no ring)

@: lethally poisoned (-2 -> -2), hasted, very quick
A: large, unfitting armour, claws 3, fast metabolism 3, gourmand, regeneration
1, shaggy fur 1, tough skin 2
a: no special abilities


You were on level 1 of the Dungeon.
You were very full.

You visited 1 branch of the dungeon, and saw 2 of its levels.

You collected 91 gold pieces.

Inventory:

Hand Weapons
 a - a +2 dagger (weapon)
 b - a +1 blowgun
Missiles
 e - 8 poisoned needles
 f - 2 curare-tipped needles
Armour
 c - a +2 robe (worn)
 d - a +2 cloak (worn)
Jewellery
 j - an uncursed ring of flight {unknown}
 m - an uncursed amulet of regeneration {unknown}
Scrolls
 l - a scroll of teleportation {unknown}
 n - a scroll of identify {unknown}
Potions
 k - 2 potions of brilliance {unknown}
Comestibles
 g - 4 rations


   Skills:
 + Level 1.9 Fighting
 + Level 1.8 Short Blades
 + Level 2.1 Throwing
 + Level 0.8 Dodging
 + Level 2.6 Stealth


You had 2 spell levels left.
You didn't know any spells.

Dungeon Overview and Level Annotations

Branches:
Dungeon (2/15)

Altars:


Innate Abilities, Weirdness & Mutations

You are too large for most types of armour.
You have claws for hands.
Your metabolism is lightning-fast.
You like to eat raw meat.
Your natural rate of healing is unusually fast.
You are covered in fur. (AC +1)
You have very tough skin. (AC +2)


Message History

You hit the scorpion but do no damage.
The scorpion is severely wounded.
The scorpion stings you but does no damage.
You feel sick.
It was a potion of haste.
You feel yourself speed up.
You feel sick.
The scorpion stings you but does no damage.
You barely miss the scorpion.
The scorpion is severely wounded.
The scorpion stings you.
* * * LOW HITPOINT WARNING * * *
You completely miss the scorpion.
The scorpion is severely wounded.
The scorpion stings you but does no damage.
You closely miss the scorpion.
The scorpion is severely wounded.
You feel sick.
You hit the scorpion but do no damage.
The scorpion is severely wounded.
The scorpion stings you.
You die...

##......## # #####.##
#.# #.# ### #.# #.###
#.# #...# # #.#
#.#.#### ###.######
#.#..#..
#...@....#####.##....
#....s.>....))..(....
#........#####..#....
#........# ###)..###
#........# ##...#..##
###.###### #.....#..#
#..# ####..##.##.#
#.######.....##.##.#
#.##...>.######.##.#


You could see a scorpion.

Vanquished Creatures
  An adder (D:1)
  A dart slug (D:1)
  2 leopard geckos (D:1)
  3 bats (D:1)
  A giant cockroach (D:1)
  5 goblins (D:1)
  4 hobgoblins (D:1)
  5 kobolds (D:1)
  2 frilled lizards (D:1)
  3 rats (D:1)
27 creatures vanquished.

Notes
Turn   | Place    | Note
-------+----------+-------------------------------------------
     0 | D:1      | DiscipleGeek the Troll Assassin began the quest for the Orb.
     0 | D:1      | Reached XP level 1. HP: 19/19 MP: 0/0
   115 | D:1      | Reached XP level 2. HP: 28/28 MP: 1/1
   542 | D:1      | Reached XP level 3. HP: 35/35 MP: 2/2
   749 | D:2      | Noticed a scorpion
   787 | D:1      | Slain by a scorpion

Vault maps used:
D:1:      sevenhm_arrival_forest_fort_large_2, grunt_decor_arrowhead

Skill      XL: |  1  2 |
---------------+-------+-----
Throwing       | 2 |  2.1
Fighting       | |  1.9
Short Blades   | |  1.8
Dodging        | |  0.8
Stealth        | |  2.6

Action                   || total
-------------------------++-------
Melee: Dagger            ||   109
 Fire: Blowgun           ||     4
  Use: Scroll            ||     5
       Potion            ||     1
 Stab: Sleeping          ||     3
  Eat: Chunk             ||    12
Armor: Robe              ||    73
Dodge: Dodged            ||    60

Table legend:
 A = Spawn XP
 B = Non-spawn XP
 C = Spawn XP percentage of total XP
 D = Spawn monster count
 E = Non-spawn monster count
 F = Spawn count percentage of total count
 G = Total turns spent on level
                    A         B        C        D         E        F      G
               +---------+---------+-------+---------+---------+-------+---------
         Total |       0 |      59 |   0.0 |       0 |      27 |   0.0 |   787
               +---------+---------+-------+---------+---------+-------+---------
           D:1 |       0 |      59 |   0.0 |       0 |      27 |   0.0 |   779
               +---------+---------+-------+---------+---------+-------+---------
